 Dungeon Crawl Stone Soup version 0.31.0-1-g2c135a008e (webtiles) character file.

Game seed: 3905924438154725459

143 Kenran the Slasher (level 5, -1/45 HPs)
             Began as a Minotaur Fighter on Jan 20, 2024.
             Was a Follower of Okawaru.
             Killed from afar by an orc wizard (6 damage)
             ... with a puff of flame
             ... on level 3 of the Dungeon.
             The game lasted 00:03:11 (1915 turns).

Kenran the Slasher (Minotaur Fighter)               Turns: 1915, Time: 00:03:12

Health: -1/45      AC:  8    Str: 21    XL:     5   Next: 4%
Magic:  4/4        EV:  9    Int:  5    God:    Okawaru [*.....]
Gold:   161        SH:  4    Dex: 11    Spells: 4/4 levels left

rFire   . . .        a - +0 long sword
rCold   . . .        c - +0 buckler
rNeg    . . .        b - +0 scale mail
rPois   .            (helmet restricted)
rElec   .            o - +0 cloak
rCorr   +            (no gloves)
SInv    .            (no boots)
Will    .....        (no amulet) Stlth
                     g - ring of resist corrosion
HPRegen 0.27/turn    (no ring)
MPRegen 0.09/turn

%: no passive effects
@: no status effects
A: horns 2, retaliatory headbutt
a: Renounce Religion, Heroism


You were on level 3 of the Dungeon.
You worshipped Okawaru.
Okawaru was aware of your devotion.
You visited 1 branch of the dungeon, and saw 3 of its levels.

You collected 161 gold pieces.

Inventory:

Hand Weapons
 a - a +0 long sword (weapon)
Armour
 b - a +0 scale mail (worn)
 c - a +0 buckler (worn)
 o - a +0 cloak (worn)
Jewellery
 g - a ring of resist corrosion (left hand)
 i - a ring of ice
Scrolls
 j - a scroll of fear
 k - 2 scrolls of identify {@r1}
 m - a scroll of enchant weapon {unknown}
 n - a scroll of blinking {unknown}
Potions
 d - a potion of might
 e - a potion of brilliance {unknown}
 f - 2 potions of enlightenment
 h - 2 potions of curing {@q1}
 l - a potion of lignification {unknown}


   Skills:
 - Level 3.6 Fighting
 + Level 6.4 Long Blades
 - Level 3.6 Armour
 - Level 3.6 Shields


You had 4 spell levels left.
You didn't know any spells.
Your spell library contained the following spells:

 Spells                   Type           Power      Damage    Failure   Level
 Gell's Gravitas          Tloc           0%         N/A       99%         3
 Teleport Other           Tloc           0%         N/A       99%         3
 Borgnjor's Vile Clutch   Necr/Erth      0%         N/A       100%        5
 Dispersal                Tloc           0%         N/A       100%        6
 Animate Dead             Necr           Unusable   N/A       N/A         4
 Death Channel            Necr           Unusable   N/A       N/A         6

Dungeon Overview and Level Annotations

Branches:
Dungeon (3/15)

Altars:
Okawaru

Shops:
D:2 :


Innate Abilities, Weirdness & Mutations

You have a pair of horns on your head.
You reflexively headbutt those who attack you in melee.


Message History

You headbutt the orc wizard!
The orc priest calls upon Beogh to heal the orc wizard.
The orc wizard is healed somewhat.
You block the orc's attack.
You barely miss the orc priest.
The orc priest is moderately wounded.
The orc priest calls down the wrath of Beogh upon you.
Pain shoots through your body!
* * * LOW HITPOINT WARNING * * *
The orc wizard hits you with a +0 dagger.
* * * LOW HITPOINT WARNING * * *
The orc hits you but does no damage.
You are lethally poisoned!
You hit the orc priest. You headbutt the orc priest.
The orc priest is heavily wounded.
* * * LOW HITPOINT WARNING * * *
You feel very sick.
An orc comes into view. It is wielding a +0 club.
The orc priest hits you but does no damage.
You block the orc wizard's attack. The orc hits you but does no damage.
You feel better. The orc priest barely misses you.
The orc wizard gestures at you while chanting.
You are confused.
The orc hits you but does no damage.
You are poisoned.
You feel very sick. The orc priest misses you. The orc barely misses you.
You miss the orc priest.
The orc priest is heavily wounded.
You feel sick. The orc priest barely misses you. The orc closely misses you.
You feel better. The orc priest hits you with a +0 whip.
The orc barely misses you.
You hit the orc priest.
The orc priest is almost dead.
The orc priest invokes the aid of Beogh against you.
Pain shoots through your body!
* * * LOW HITPOINT WARNING * * *
You block the orc's attack. The orc wizard casts a spell at you.
The puff of flame hits you.
You die...

.#.###.############.###.####
# ... ######..............
#### #...................
#......(............
#............).....†
####...................
#......................
.##ooo................
#.o@................
#.o.................
#................###
...........(......#
########...........#
...........# ##.######### )#


You could see an orc priest, an orc wizard and 3 orcs.

Vanquished Creatures
  An orc wizard (D:3)
  5 adders
  A dart slug (D:3)
  4 orcs (D:3)
  3 ball pythons
  6 bats
  5 endoplasms (D:1)
  A giant cockroach (D:3)
  4 goblins
  10 hobgoblins
  2 quokkas (D:2)
  6 frilled lizards
  11 kobolds
  11 rats
70 creatures vanquished.

Notes
Turn   | Place    | Note
-------+----------+-------------------------------------------
     0 | D:1      | Kenran the Minotaur Fighter began the quest for the Orb.
     0 | D:1      | Reached XP level 1. HP: 19/19 MP: 0/0
   145 | D:1      | Reached skill level 3 in Long Blades
   175 | D:1      | Reached XP level 2. HP: 26/26 MP: 1/1
   362 | D:1      | Reached skill level 4 in Long Blades
   560 | D:1      | Reached XP level 3. HP: 28/31 MP: 2/2
   753 | D:2      | Found Soelit's Book Shoppe.
  1099 | D:2      | Reached skill level 5 in Long Blades
  1146 | D:2      | Reached XP level 4. HP: 39/39 MP: 3/3
  1258 | D:3      | Found a faded altar of an unknown god.
  1277 | D:3      | Prayed at the altar of an unknown god.
  1277 | D:3      | Became a worshipper of Warmaster Okawaru
  1277 | D:3      | Reached * piety under Okawaru
  1456 | D:3      | Reached skill level 6 in Long Blades
  1482 | D:3      | Reached XP level 5. HP: 9/45 MP: 4/4
  1915 | D:3      | Killed from afar by an orc wizard

Illustrated notes

Levels and vault maps discovered:
D:1:      dpeg_arrival_pits, layout_basic, serial_forest,
          infiniplex_forest_clump_double, infiniplex_forest_split,
          infiniplex_forest_lined_room_2, infiniplex_forest_clump_large,
          serial_bayou_lagoon_a
D:2:      layout_basic, serial_shops, shop
D:3:      layout_basic, hellmonk_ecumenical_altar_leap_of_faith

Skill      XL: |  1  2  3  4 |
---------------+-------------+-----
Long Blades    | 3 4 5 6 |  6.4
Fighting       | |  3.6
Armour         | |  3.6
Shields        | |  3.6

Action                     |  1- 3 |  4- 6 || total
---------------------------+-------+-------++-------
  Melee: Long sword        |    86 |    46 ||   132
         Headbutt          |     7 |     4 ||    11
    Use: Scroll            |       |     3 ||     3
         Potion            |       |     2 ||     2
 Armour: Scale mail        |    46 |    42 ||    88
  Dodge: Dodged            |    32 |    27 ||    59
  Block: Buckler           |    24 |    12 ||    36
